 Dungeon Crawl Stone Soup version 0.11.3 (console) character file.

217 Lightli the Miscreant (level 4, -1/27 HPs)
             Began as a Deep Elf Stalker on July 3, 2022.
             Was an Initiate of Vehumet.
             Slain by a centaur (5 damage)
             ... on Level 3 of the Dungeon.
             The game lasted 00:06:56 (2083 turns).

Lightli the Miscreant (Deep Elf Stalker)            Turns: 2083, Time: 00:06:57

HP  -1/27        AC  5     Str  8      XL: 4   Next: 24%
MP   7/9         EV 13     Int 18      God: Vehumet [......]
Gold 133         SH  0     Dex 15      Spells:  2 memorised,  3 levels left

Res.Fire  : . . .   See Invis. : .   a - +2 elf dagger {=f}
Res.Cold  : . . .   Warding    : .   b - +0 elf robe
Life Prot.: . . .   Conserve   : .   (no shield)
Res.Poison: .       Res.Corr.  : .   (no helmet)
Res.Elec. : .       Clarity    : .   y - +0 cloak (curse)
Sust.Abil.: . .     Spirit.Shd : .   s - +0 pair of gauntlets
Res.Mut.  : .       Stasis     : .   (no boots)
Res.Rott. : .       Ctrl.Telep.: .   (no amulet)
Saprovore : . . .   Levitation : .   (no ring) Ctrl.Flight: .
                                     (no ring)

@: confused, slightly resistant to hostile enchantments, very unstealthy
A: +10% hp, AC +1, Str +1, Dex -1
a: Renounce Religion


You were on level 3 of the Dungeon.
You worshipped Vehumet.
Vehumet was noncommittal.
You were not hungry.

You visited 1 branch of the dungeon, and saw 3 of its levels.

You collected 113 gold pieces.

Inventory:

Hand weapons
 a - a +2,+2 elven dagger (weapon) {=f}
Armour
 b - a +0 elven robe (worn)
 s - a +0 pair of gauntlets (worn)
 x - a +0 elven cloak
 y - a cursed +0 cloak (worn)
Comestibles
 f - 3 bread rations
 k - a chunk of giant newt flesh
 m - 2 chokos
 n - 11 strawberries
 r - 3 meat rations
 w - a slice of pizza
 z - 14 grapes
 A - a rotting chunk of quokka flesh
Scrolls
 c - a scroll of remove curse {unknown}
 g - 2 scrolls of random uselessness
 h - a scroll of enchant armour {unknown}
 l - a scroll of amnesia {unknown}
 q - a scroll of blinking {unknown}
 u - a scroll of magic mapping {unknown}
Potions
 e - 17 potions of confusion
 i - a potion of curing {unknown}
 j - 4 potions of poison
 o - 2 potions of paralysis
 p - a potion of heal wounds {unknown}
 t - a potion of magic {unknown}
 v - a potion of brilliance
Books
 d - a book of Stalking

   Spells                             Type                      Level
   *Fulsome Distillation              Transmutation/Necromancy     1
   *Evaporate                         Fire/Transmutation           2
   Passwall                           Transmutation/Earth          3
   Petrify                            Transmutation/Earth          4
   Dig                                Transmutation/Earth          4


   Skills:
 - Level 0.7 Fighting
 - Level 1.0 Short Blades
 - Level 3.3 Dodging
 - Level 2.4 Stealth
 + Level 4.5 Stabbing
 - Level 1.5 Spellcasting
 - Level 2.1 Transmutations


You had 3 spell levels left.
You knew the following spells:

 Your Spells              Type           Power        Failure   Level  Hunger
a - Fulsome Distillation  Trmt/Necr      N/A          14%         1    ##.....
b - Evaporate             Fire/Trmt      ##.....      21%         2    ###....


Dungeon Overview and Level Annotations

Branches:
Dungeon (3/27)

Altars:
Ashenzari
Elyvilon
Nemelex Xobeh
Vehumet


Innate Abilities, Weirdness & Mutations

You are partially covered in slimy green scales (AC +1).
You are robust (+10% HP).
Your muscles are strong, but stiff (Str +1, Dex -1).


Message History

Aiming: Evaporate
Press: ? - help, Shift-Dir - straight line, f - centaur
Aim: a centaur That beam is likely to hit you.
Continue anyway?
Okay, then.
Casting: Evaporate
Confirm with . or Enter, or press ? or * to list all spells.
Throw which potion? (? for menu, Esc to quit)
Where do you want to aim your 18 potions of confusion?
Aiming: Evaporate
Press: ? - help, Shift-Dir - straight line, f/p - centaur
Aim: a centaur That beam is likely to hit you.
Continue anyway?
The potion explodes!
The cloud engulfs the centaur.
The cloud engulfs you!
* * * LOW HITPOINT WARNING * * *
You are engulfed in noxious fumes.
You choke on the stench!
You are confused.
The centaur is engulfed in noxious fumes.
The centaur hits you.
You die...

..[........#
...........
...........
.....>....
.......... ####
#.#....... ...
#.#......########.##
#.########.....c...#
#........# #####@(#
.........# #...#..#
.........# #.#.#..#
.........# #......#
.........#.###.##.#
.........#........#
.........#####.####
###......#.....#
#.######.#####


You could see a centaur.

Vanquished Creatures
  Crazy Yiuf (D:2)
  A ball python (D:2)
  5 giant cockroaches
  9 hobgoblins
  8 kobolds
  2 quokkas
  6 bats
  A giant gecko (D:2)
  4 giant newts
  6 goblins
  9 rats
52 creatures vanquished.

Notes
Turn   | Place    | Note
--------------------------------------------------------------
     0 | D:1      | Lightli, the Deep Elf Stalker, began the quest for the Orb.
     0 | D:1      | Reached XP level 1. HP: 12/12 MP: 2/2
   154 | D:1      | Reached skill level 3 in Dodging
   183 | D:1      | Reached XP level 2. HP: 14/16 MP: 4/4
   210 | D:1      | Learned a level 2 spell: Evaporate
   818 | D:2      | Found a white marble altar of Elyvilon.
   933 | D:2      | Reached XP level 3. HP: 20/20 MP: 7/7
  1162 | D:2      | Found a shattered altar of Ashenzari.
  1536 | D:2      | Found a radiant altar of Vehumet.
  1544 | D:2      | Became a worshipper of Vehumet
  1602 | D:2      | Noticed Crazy Yiuf
  1608 | D:2      | Killed Crazy Yiuf
  1608 | D:2      | Reached skill level 4 in Stabbing
  1608 | D:2      | Reached XP level 4. HP: 25/25 MP: 6/9
  1706 | D:3      | Found a sparkling altar of Nemelex Xobeh.
  1960 | D:3      | Paralysed by a potion of paralysis for 7 turns
  1967 | D:3      | Gained mutation: You are robust (+10% HP). [potion of mutation]
  1967 | D:3      | Gained mutation: Your muscles are strong, but stiff (Str +1, Dex -1). [potion of mutation]
  1967 | D:3      | Gained mutation: You are partially covered in slimy green scales (AC +1). [potion of mutation]
  2078 | D:3      | Noticed a centaur
  2083 | D:3      | Slain by a centaur
